 Dungeon Crawl Stone Soup version 0.32-a0-918-g0f22ef8d61 (webtiles) character file.

Game seed: 18171357108415442637

109 Essalna the Digger (level 4, -1/26 HPs)
             Began as a Gargoyle Earth Elementalist on Apr 11, 2024.
             Killed by nerve-wracking pain
             ... invoked by an orc priest
              (5 damage)
             ... on level 3 of the Dungeon.
             The game lasted 00:02:34 (1818 turns).

Essalna the Digger (Gargoyle Earth Elementalist)    Turns: 1818, Time: 00:02:35

Health: -1/26      AC:  5    Str: 11    XL:     4   Next: 90%
Magic:  6/8        EV: 11    Int: 18    God:
Gold:   129        SH:  0    Dex: 13    Spells: 4/8 levels left

rFire   . . .        k - +12 hand axe "Vykhuixeurph" {heavy, Dex+3}
rCold   . . .        (no shield)
rNeg    + . .        a - +0 robe
rPois   ∞            (no helmet)
rElec   +            (no cloak)
rCorr   .            (no gloves)
SInv    .            (no boots)
Will    .....        m - amulet of the acrobat
Stlth   ++           (no ring)
HPRegen 0.24/turn    (no ring)
MPRegen 0.11/turn

%: acrobat
@: no status effects
A: sickness immunity, AC +3, negative energy resistance 1, electricity
resistance, torment resistance 1, petrification resistance
a: Convert to Beogh


You were on level 3 of the Dungeon.
You visited 1 branch of the dungeon, and saw 3 of its levels.

You collected 129 gold pieces.

Inventory:

Hand Weapons
 f - a +0 rapier
 k - the +12 hand axe "Vykhuixeurph" (weapon) {heavy, Dex+3}
   (You found it on level 2 of the Dungeon)

   Dex+3:     It affects your dexterity (+3).
Missiles
 g - a throwing net
Armour
 a - a +0 robe (worn)
Jewellery
 m - an amulet of the acrobat (around neck)
Scrolls
 d - a scroll of noise
 l - a scroll of identify
Potions
 b - a potion of magic
 c - a potion of might {unknown}
 e - a potion of degeneration {unknown}
 h - a potion of ambrosia {unknown}
 i - 2 potions of mutation
 j - a potion of lignification {unknown}


   Skills:
 + Level 2.1 Fighting
 - Level 1.5 Dodging
 - Level 2.1 Stealth
 + Level 2.7 Spellcasting
 + Level 2.6 Conjurations
 + Level 4.5 Earth Magic


You had 4 spell levels left.
You knew the following spells:

 Your Spells              Type           Power      Damage    Failure   Level
a - Sandblast             Erth           36%        2d10      2%          1
b - Stone Arrow           Conj/Erth      30%        3d8       12%         3

Your spell library contained the following spells:

 Spells                   Type           Power      Damage    Failure   Level
 Passwall                 Erth           18%        N/A       8%          3
 Brom's Barrelling Bould  Conj/Erth      15%        2d4       36%         4
 Petrify                  Alch/Erth      10%        N/A       54%         4


Dungeon Overview and Level Annotations

Branches:
Dungeon (3/15)

Altars:
Uskayaw


Innate Abilities, Weirdness & Mutations

You are immune to sickness and miasma.
Your stone body is resilient. (AC +3)
You are immune to poison.
You resist negative energy. (rN+)
You are resistant to electric shocks. (rElec)
You are resistant to unholy torment.
You are immune to petrification.


Message History

The orc is heavily wounded.
The orc shouts!
An orc priest comes into view. It is wielding a +0 hand axe.
The blast of sand hits the orc!
You kill the orc!
The orc hits you with a +0 hand axe.
A rat comes into view.
The blast of sand hits the orc!
You kill the orc!
The rat squeaks loudly.
The orc hits you but does no damage. The orc barely misses you. x2
You closely miss the orc. You slash the orc!
You kill the orc!
The orc priest calls down the wrath of Beogh upon you.
Beogh smites you! The orc hits you but does no damage.
The orc barely misses you.
The orc priest shouts, "Beogh offers mercy even to people such as you.
Join us and be reborn!" (press Y on the ability menu to convert to Beogh)
You hit the orc.
The orc is heavily wounded.
A ball python comes into view.
The orc barely misses you.
The orc priest hits you with a +0 hand axe.
The orc hits you but does no damage.
You barely miss the orc.
The orc is heavily wounded.
You slash the orc priest! The orc priest completely misses you.
The orc closely misses you. The orc priest barely misses you.
The orc closely misses you.
You completely miss the orc.
The orc is heavily wounded.
You hit the orc priest.
The orc priest invokes the aid of Beogh against you.
Pain shoots through your body!
* * * LOW HITPOINT WARNING * * *
The orc hits you with a +0 dagger.
* * * LOW HITPOINT WARNING * * *
The orc priest invokes the aid of Beogh against you.
Pain shoots through your body!
You die...

#.....# #.....# #.....#
...[.### ......#
.rS#.## #oo#..# # #@..#
.##.#### #####..#
....... ##......#
##.###. #....##..#
#.##..##.
#........######.....†<.
#............##..##..†.
#..####..###..## ###..
#..#.g#..# ##..# #..
#..#..+..# ##.# ##.


You could see an orc priest, an orc, a ball python and a rat.

Vanquished Creatures
  Natasha (D:3)
  3 adders (D:2)
  4 dart slugs
  2 ribbon worms (D:2)
  4 orcs
  6 bats
  4 endoplasms (D:1)
  3 giant cockroaches (D:1)
  2 goblins
  A hobgoblin (D:1)
  4 ball pythons
  A frilled lizard (D:2)
  5 kobolds
  3 rats (D:1)
43 creatures vanquished.

Notes
Turn   | Place    | Note
-------+----------+-------------------------------------------
     0 | D:1      | Essalna the Gargoyle Earth Elementalist began the quest for
                  | the Orb.
     0 | D:1      | Reached XP level 1. HP: 10/10 MP: 3/3
   122 | D:1      | Reached XP level 2. HP: 16/16 MP: 1/5
   313 | D:1      | Reached skill level 1 in Fighting
   468 | D:1      | Reached skill level 4 in Earth Magic
   468 | D:1      | Reached XP level 3. HP: 20/20 MP: 4/6
   917 | D:2      | Learned a level 3 spell: Stone Arrow
   989 | D:2      | Found a hide-covered altar of Uskayaw.
  1113 | D:2      | Reached XP level 4. HP: 22/25 MP: 7/7
  1508 | D:2      | Identified the +12 hand axe "Vykhuixeurph" {heavy, Dex+3}
  1589 | D:3      | Noticed Natasha
  1675 | D:3      | Killed Natasha
  1818 | D:3      | Killed from afar by an orc priest

Illustrated notes

Levels and vault maps discovered:
D:1:      lemuel_arrival_broad_hall, layout_basic
D:2:      layout_basic, basic_altar
D:3:      layout_rooms, nicolae_overflow_ecumenical_swirl, corexii_shack,
          uniq_natasha

Skill      XL: |  1  2  3  4 |
---------------+-------------+-----
Fighting       | 1 2 |  2.1
Earth Magic    | 4 |  4.5
Conjurations   | 2 |  2.6
Dodging        | |  1.5
Stealth        | |  2.1
Spellcasting   | |  2.7

Action                     |  1- 3 |  4- 6 || total
---------------------------+-------+-------++-------
  Melee: Rapier            |     3 |       ||     3
         Hand axe          |       |    12 ||    12
   Cast: Sandblast         |    39 |    16 ||    55
    Use: Scroll            |     4 |       ||     4
   Stab: Sleeping          |       |     1 ||     1
 Armour: Robe              |    10 |    22 ||    32
  Dodge: Dodged            |     7 |    20 ||    27

Table legend: (Time is in decaauts)
 A = Elapsed time spent in this place.
 B = Non-inter-level travel time spent in this place.
 C = Inter-level travel time spent in this place.
 D = Time resting spent in this place.
 E = Time spent auto-exploring this place.
 F = Levels seen in this place.
 G = Mean time per level.
                   A        B        C        D        E       F      G
               +--------+--------+--------+--------+--------+-----+--------+
         Total |   1866 |   1848 |     18 |     69 |   1521 |   3 |  622.0 |
       Dungeon |   1866 |   1848 |     18 |     69 |   1521 |   3 |  622.0 |
               +--------+--------+--------+--------+--------+-----+--------+

Top non-repeatable levels by time:
     D:2: 1004 daAuts
     D:1: 690 daAuts
     D:3: 171 daAuts
